 Dungeon Crawl Stone Soup version 0.23.0-28-g6fe0f4d (webtiles) character file.

Game seed: 16904112110907473164

231 Borgoz the Ruffian (level 6, 0/50 HPs)
             Began as a Ghoul Warper on Feb 25, 2019.
             Slain by a ball python (1 damage)
             ... on level 4 of the Dungeon.
             The game lasted 00:05:34 (2606 turns).

Borgoz the Ruffian (Ghoul Warper)                   Turns: 2606, Time: 00:05:35

Health: 0/50       AC: -1    Str: 15    XL:     6   Next: 3%
Magic:  8/8        EV:  7    Int:  8    God:
Gold:   106        SH:  0    Dex: 10    Spells: 9/9 levels left

rFire    . . .     SeeInvis .     - Unarmed
rCold    + . .     Gourm    .   (no shield)
rNeg     + + +     Faith    .   b - +0 scale mail
rPois    ∞         Spirit   .   (no helmet)
rElec    .         Reflect  .   (no cloak)
rCorr    .         Harm     .   (no gloves)
MR       .....                  (no boots)
Stlth    ..........             (no amulet)
HPRegen  0.00/turn              (no ring)
MPRegen  0.11/turn              (no ring)

@: corroded, rotting, constricted
A: rotting body, claws 1, carnivore, cold resistance 1, negative energy
resistance 3, inhibited regeneration, torment resistance, unbreathing
a: no special abilities


You were on level 4 of the Dungeon.
You were not hungry.

You visited 1 branch of the dungeon, and saw 4 of its levels.

You collected 106 gold pieces.

Inventory:

Missiles
 d - 5 tomahawks of dispersal (quivered)
Armour
 b - a +0 scale mail (worn)
Scrolls
 c - 3 scrolls of blinking
 e - a scroll of immolation {unknown}
 g - 2 scrolls of teleportation
 h - a scroll of identify {unknown}
Comestibles
 f - 6 rations


   Skills:
 + Level 2.8 Fighting
 - Level 0.8 Throwing
 + Level 2.6 Armour
 + Level 2.8 Dodging
 + Level 0.4 Stealth
 + Level 4.6 Unarmed Combat
 + Level 2.0 Spellcasting
   Level 2.6 Translocations


You had 9 spell levels left.
You didn't know any spells.
Your spell library contained the following spells:

 Spells                   Type           Power        Failure   Level  Hunger
 Blink                    Tloc           N/A          56%         2    ###....
 Shroud of Golubria       Chrm/Tloc      #.........   75%         2    ###....
 Gell's Gravitas          Tloc           #.........   80%         3    ####...
 Lesser Beckoning         Tloc           #.........   80%         3    ####...
 Teleport Other           Tloc           #.......     80%         3    ####...
 Passage of Golubria      Tloc           N/A          99%         4    #####..


Dungeon Overview and Level Annotations

Branches:
Dungeon (4/15)
 Temple: D:4-7

Altars:
Cheibriados
Dithmenos
Gozag
Kikubaaqudgha
Qazlal
Trog


Innate Abilities, Weirdness & Mutations

Your body is rotting away.
You thrive on raw meat.
You are immune to poison.
You have sharp fingernails.
You are carnivorous and can eat meat at any time.
Your flesh is cold resistant. (rC+)
You are immune to negative energy. (rN+++)
You do not regenerate when monsters are visible.
You are immune to unholy pain and torment.
You can survive without breathing.


Message History

Eat a chunk of flesh? (ye/n/q)
You eat the chunk of flesh.
This raw flesh tastes great!
The jelly hits you but does no damage.
The ball python bites you but does no damage.
* * * LOW HITPOINT WARNING * * *
The ball python constricts you.
Okay, then.
You barely miss the ball python. The jelly hits you.
* * * LOW HITPOINT WARNING * * *
You are splashed with acid!
* * * LOW HITPOINT WARNING * * *
The ball python closely misses you.
* * * LOW HITPOINT WARNING * * *
The ball python constricts you.
It was a potion of curing.
You feel better. The jelly hits you.
* * * LOW HITPOINT WARNING * * *
The acid corrodes you!
You are splashed with acid!
* * * LOW HITPOINT WARNING * * *
The ball python bites you.
You die...

##.. ##
##... .#
......#
.....#
....#
#.#.##
#.JS.###
#.@....#
##...#.#
##.##
#<# #.#
#.# ..#
###


You could see a jelly and a ball python.

Vanquished Creatures
  An orc priest (D:3)
  2 orc wizards (D:3)
  6 adders
  An ooze (D:2)
  4 worms
  2 dart slugs
  2 leopard geckos
  2 orcs (D:3)
  4 ball pythons
  7 bats
  6 giant cockroaches
  5 goblins
  9 hobgoblins
  12 frilled lizards
  7 kobolds
  6 rats
76 creatures vanquished.

Notes
Turn   | Place    | Note
-------+----------+-------------------------------------------
     0 | D:1      | Borgoz the Ghoul Warper began the quest for the Orb.
     0 | D:1      | Reached XP level 1. HP: 17/17 MP: 2/2
    32 | D:1      | Reached skill level 1 in Armour
   118 | D:1      | Reached XP level 2. HP: 22/25 MP: 3/3
   614 | D:1      | Reached XP level 3. HP: 26/30 MP: 5/5
   900 | D:2      | Found a shadowy altar of Dithmenos.
  1072 | D:2      | Reached skill level 3 in Unarmed Combat
  1122 | D:2      | Reached XP level 4. HP: 29/37 MP: 6/6
  1346 | D:2      | Found a snail-covered altar of Cheibriados.
  1346 | D:2      | Found an opulent altar of Gozag.
  1357 | D:2      | Found a faded altar of an unknown god.
  1359 | D:2      | Found a faded altar of an unknown god.
  1360 | D:2      | Found a shadowy altar of Dithmenos.
  1442 | D:2      | Found an ancient bone altar of Kikubaaqudgha.
  1930 | D:3      | Reached XP level 5. HP: 5/42 MP: 7/7
  2000 | D:3      | Found a stormy altar of Qazlal.
  2102 | D:3      | Reached skill level 4 in Unarmed Combat
  2332 | D:3      | Reached XP level 6. HP: 46/50 MP: 8/8
  2423 | D:3      | Found a bloodstained altar of Trog.
  2606 | D:4      | HP: 1/50 [acid (11)]
  2606 | D:4      | Slain by a ball python

Skill      XL: |  1  2  3  4  5 |
---------------+----------------+-----
Armour         | 1 2 |  2.6
Spellcasting   | 2 |  2.0
Dodging        | 2 |  2.8
Unarmed Combat | 3 4 |  4.6
Fighting       | |  2.8
Throwing       | |  0.8
Stealth        | |  0.4
Translocations | |  2.6

Action                   |  1- 3 |  4- 6 || total
-------------------------+-------+-------++-------
Melee: Unarmed           |   135 |   185 ||   320
       Punch             |     1 |       ||     1
  Use: Scroll            |     3 |       ||     3
       Potion            |       |     3 ||     3
  Eat: Chunk             |     4 |    14 ||    18
Armor: Leather armour    |    33 |     9 ||    42
       Scale mail        |       |    60 ||    60
Dodge: Dodged            |    84 |    88 ||   172
